 Dungeon Crawl Stone Soup version 0.29-a0-194-g6e3aafee17 (webtiles) character file.

Game seed: 1559859109913245954

692 Zeldest the Stinger (level 7, -2/51 (55) HPs)
             Began as a Formicid Venom Mage on Feb 22, 2022.
             Slain by Duvessa
             ... wielding a +0 rapier of freezing
              (13 damage)
             ... on level 5 of the Dungeon.
             The game lasted 00:09:21 (4204 turns).

Zeldest the Stinger (Formicid Venom Mage)           Turns: 4204, Time: 00:09:22

HP:   -2/51 (55)    AC:  4    Str: 14    XL:     7   Next: 95%
MP:   6/10          EV: 12    Int: 15    God:
Gold: 255           SH:  0    Dex: 11    Spells: 9/10 levels left

rFire   . . .      SeeInvis +   e - +0 spear
rCold   . . .      Faith    .   (no shield)
rNeg    + . .      Spirit   .   a - +0 robe
rPois   .          Reflect  .   (helmet unavailable)
rElec   .          Harm     .   d - +0 cloak
rCorr   .          Rampage  .   f - +0 pair of gloves
Will    .....                   (no boots)
Stlth   ++........              (no amulet)
HPRegen 0.17/turn               g - ring of positive energy
MPRegen 0.12/turn               (no ring)

@: drained
A: permanent stasis, dig shafts and tunnels, antennae 3, four strong arms
a: Dig, Shaft Self


You were on level 5 of the Dungeon.
You visited 1 branch of the dungeon, and saw 5 of its levels.

You collected 255 gold pieces.

Inventory:

Hand Weapons
 e - a +0 spear (weapon)
Armour
 a - a +0 robe (worn)
 d - a +0 cloak (worn)
 f - a +0 pair of gloves (worn)
Jewellery
 g - a ring of positive energy (left hand)
Wands
 l - a wand of paralysis (8)
Scrolls
 b - 2 scrolls of identify
 k - 2 scrolls of teleportation {unknown}
 m - a scroll of fog {unknown}
Potions
 c - a potion of degeneration {unknown}
 h - 2 potions of might
 j - a potion of lignification {unknown}


   Skills:
 + Level 4.4 Fighting
 - Level 1.9 Dodging
 - Level 2.6 Stealth
 + Level 4.8 Shields
 - Level 2.3 Spellcasting
 - Level 1.3 Transmutations
 + Level 7.0 Poison Magic
 + Level 2.7 Evocations


You had 9 spell levels left.
You knew the following spells:

 Your Spells              Type           Power      Damage    Failure   Level
a - Sting                 Tmut/Pois      56%        1d5       4%          1

Your spell library contained the following spells:

 Spells                   Type           Power      Damage    Failure   Level
 Poisonous Vapours        Pois/Air       24%        N/A       8%          2
 Olgreb's Toxic Radiance  Pois           22%        N/A       12%         4
 Magic Dart               Conj           4%         1d3       22%         1
 Mephitic Cloud           Conj/Pois/Air  8%         N/A       26%         3
 Call Imp                 Summ           1%         N/A       32%         2


Dungeon Overview and Level Annotations

Branches:
Dungeon (5/15)
 Temple: D:4-7

Altars:
Yredelemnul
Zin

Annotations:
D:5 Blork the orc, Dowan, Duvessa


Innate Abilities, Weirdness & Mutations

You cannot be hasted, slowed, berserked, paralysed or teleported.
You can dig through walls and to a lower floor.
You have a pair of large antennae on your head. (SInv)
Your four strong arms can wield two-handed weapons with a shield.


Message History

Duvessa is lightly wounded.
Duvessa hits you with a +0 rapier of freezing.
Duvessa freezes you.
Casting: Sting (safe; 4% risk of failure)
Confirm with . or Enter, or press ? or * to list all spells.
Aiming: Sting (safe; 4% risk of failure)
Press: ? - help, Shift-Dir - straight line, f/p - Duvessa
Aim: Duvessa, wielding a +0 rapier of freezing, wearing a +0 leather armour and carrying a wand of polymorph (10) (lightly wounded, poisoned, 75% to hit)
The sting hits Duvessa but does no damage.
Duvessa looks even sicker.
Duvessa is lightly wounded.
Duvessa completely misses you.
Casting: Sting (safe; 4% risk of failure)
Confirm with . or Enter, or press ? or * to list all spells.
Aiming: Sting (safe; 4% risk of failure)
Press: ? - help, Shift-Dir - straight line, f/p - Duvessa
Aim: Duvessa, wielding a +0 rapier of freezing, wearing a +0 leather armour and carrying a wand of polymorph (10) (lightly wounded, very poisoned, 75% to hit)
The sting hits Duvessa.
Duvessa looks even sicker.
Duvessa is moderately wounded.
Duvessa hits you with a +0 rapier of freezing.
Duvessa freezes you.
You hit Duvessa.
Duvessa is moderately wounded.
Duvessa hits you with a +0 rapier of freezing!
Duvessa freezes you.
You barely miss Duvessa.
Duvessa is heavily wounded.
Duvessa hits you with a +0 rapier of freezing!
Duvessa freezes you.
Okay, then.
As you read the scroll labelled EROIXE LOACH, it crumbles to dust.
It is a scroll of identify.
h - 2 potions of might Duvessa hits you with a +0 rapier of freezing.
* * * LOW HITPOINT WARNING * * *
Duvessa freezes you.
* * * LOW HITPOINT WARNING * * *
It was a potion of cancellation.
You feel magically purged.
Duvessa hits you with a +0 rapier of freezing!
You die...

{.......
{......
.......
###.......
#.e.......
#.<.#
##{..#
#e####
##@# ###


You could see Duvessa (very poisoned).

Vanquished Creatures
  An ice beast (D:4)
  A black bear (D:4)
  2 ogres
  A bullfrog (D:4)
  A jelly (D:4)
  An orc priest (D:5)
  An iguana (D:4)
  Ijyb (D:3)
  4 adders
  3 gnolls (D:3)
  A white imp (D:4)
  A worm (D:2)
  5 dart slugs
  4 orcs
  7 bats (D:3)
  7 endoplasms
  2 giant cockroaches
  4 goblins
  4 hobgoblins
  12 jackals
  2 quokkas
  5 ball pythons
  A frilled lizard (D:1)
  6 kobolds
  8 rats
85 creatures vanquished.

Vanquished Creatures (others)
  A goblin (D:4)
1 creature vanquished.

Grand Total: 86 creatures vanquished

Notes
Turn   | Place    | Note
-------+----------+-------------------------------------------
     0 | D:1      | Zeldest the Formicid Venom Mage began the quest for the
                  | Orb.
     0 | D:1      | Reached XP level 1. HP: 13/13 MP: 3/3
   307 | D:1      | Reached XP level 2. HP: 17/19 MP: 3/5
   452 | D:2      | Reached skill level 1 in Shields
   452 | D:2      | Reached XP level 3. HP: 21/25 MP: 0/6
   454 | D:2      | Reached skill level 1 in Fighting
   721 | D:2      | Reached XP level 4. HP: 32/32 MP: 5/7
   722 | D:2      | Found a faded altar of an unknown god.
   988 | D:3      | Reached skill level 5 in Poison Magic
  1373 | D:3      | Reached XP level 5. HP: 38/38 MP: 8/8
  1453 | D:3      | Found a glowing silver altar of Zin.
  1453 | D:3      | Noticed an angel
  2048 | D:4      | Noticed an ogre
  2075 | D:3      | Killed an ogre
  2076 | D:3      | Reached XP level 6. HP: 27/47 MP: 5/9
  2211 | D:4      | Noticed Ijyb
  2224 | D:3      | Killed Ijyb
  2225 | D:3      | Reached skill level 6 in Poison Magic
  2584 | D:4      | Reached skill level 1 in Evocations
  2603 | D:4      | Noticed an ogre
  2696 | D:4      | Killed an ogre
  2697 | D:4      | Reached XP level 7. HP: 44/53 MP: 6/10
  2702 | D:4      | Identified the +4 hunting sling of Youthful Indiscretion
                  | {freeze, rPois rC- Dex+4}
  3525 | D:5      | Entered Level 5 of the Dungeon
  3526 | D:5      | Noticed Blork the orc
  3717 | D:5      | Found a basalt altar of Yredelemnul.
  4097 | D:5      | Reached skill level 7 in Poison Magic
  4186 | D:5      | Noticed Duvessa
  4186 | D:5      | Noticed Dowan
  4204 | D:5      | Slain by Duvessa

Illustrated notes

Levels and vault maps discovered:
D:1:      dpeg_cavernosity, layout_loops_corners, serial_shops, shop
D:2:      layout_basic, hellmonk_ecumenical_altar_inner_sanctum
D:3:      layout_loops_cross, zin_angel, minmay_quantized
D:4:      layout_loops_ring, minmay_diced_spiral, uniq_ijyb
D:5:      nicolae_cairo_tiling_large, layout_rooms,
          nzn_overflow_gifts_of_might_and_magic,
          nicolae_overflow_hallway_of_the_gods, amcnicky_altar_gilded,
          nicolae_elevator_lobby_asterisk, uniq_blork_the_orc, uniq_duvessa

Skill      XL: |  1  2  3  4  5  6  7 |
---------------+----------------------+-----
Shields        | 1 2 3 4 |  4.8
Fighting       | 1 2 3 4 |  4.4
Poison Magic   | 5 6 7 |  7.0
Evocations     | 1 2 |  2.7
Dodging        | |  1.9
Stealth        | |  2.6
Spellcasting   | |  2.3
Transmutations | |  1.3

Action                   |  1- 3 |  4- 6 |  7- 9 || total
-------------------------+-------+-------+-------++-------
Melee: Unarmed           |    16 |       |       ||    16
       Spear             |    32 |   114 |    44 ||   190
 Cast: Sting             |    31 |    45 |    52 ||   128
 Abil: Dig               |     1 |       |     1 ||     2
  Use: Scroll            |       |       |     1 ||     1
       Potion            |       |       |     1 ||     1
 Stab: Sleeping          |     1 |     6 |       ||     7
Armor: Robe              |    11 |    46 |    18 ||    75
Dodge: Dodged            |    27 |    72 |    51 ||   150

Table legend: (Time is in decaauts)
 A = Elapsed time spent in this place.
 B = Non-inter-level travel time spent in this place.
 C = Inter-level travel time spent in this place.
 D = Time resting spent in this place.
 E = Time spent auto-exploring this place.
 F = Levels seen in this place.
 G = Mean time per level.
                   A        B        C        D        E       F      G
               +--------+--------+--------+--------+--------+-----+--------+
         Total |   4226 |   4102 |    124 |   1712 |   1488 |   5 |  845.2 |
       Dungeon |   4226 |   4102 |    124 |   1712 |   1488 |   5 |  845.2 |
               +--------+--------+--------+--------+--------+-----+--------+

Top non-repeatable levels by time:
     D:4: 1913 daAuts
     D:3: 1263 daAuts
     D:2: 575 daAuts
     D:1: 399 daAuts
     D:5: 75 daAuts
